 Dungeon Crawl Stone Soup version 0.14-a0-1721-g84c87b2 (webtiles) character file.

40961 Mitsuki the Carver (level 13, -24/146 HPs)
             Began as a Djinni Fighter on Dec 30, 2013.
             Was the Champion of Okawaru.
             Killed from afar by Louise (36 damage)
             ... with a bolt of lightning
             ... on Level 2 of the Spider Nest on Jan 2, 2014.
             The game lasted 02:37:15 (19131 turns).

Mitsuki the Carver (Djinni Fighter)                Turns: 19131, Time: 02:37:19

HP -24/146       AC 31     Str 27      XL: 13   Next: 73%
MP   0/0         EV  1     Int 13      God: Okawaru [******]
Gold 665         SH 25     Dex 10 (11) Spells:  0 memorised, 12 levels left

rFire  + + +     SeeInvis .     a - +7,+3 demon blade (flame)
rCold  x . .     Clarity  .     u - melded +10 chain mail of the Eight Boll Weevils {Str+3 Dex+3}
rNeg   + + +     Conserve .     G - +0 orc shield {reflect}
rPois  +         rCorr    .     T - +3 hat of Pondering {ponderous, MR+ MP+10 Int+5}
rElec  .         rRot     .     e - melded +4 cloak "Schuzaont" {rElec}
SustAb . .       Spirit   .     (gloves currently unavailable)
rMut   .         Warding  .     (boots unavailable)
Saprov . . .     NoTele   +     (no amulet)
                                s - +5 ring of evasion
                                z - +2 ring of protection

@: tree-form (expiring), mighty, heroism, slow, quite resistant to hostile
enchantments, very stealthy
A: fire immunity, cold vulnerability, breathe flames 1, clumsy 1, deterioration
1, frail 1, life protection 3, (poison resistance), regeneration 1
a: Heroism, Finesse, Renounce Religion, Breathe Fire


You were on level 2 of the Spider Nest.
You worshipped Okawaru.
Okawaru was exalted by your worship.
You were not hungry.
You were an animated tree.
You visited 4 branches of the dungeon, and saw 20 of its levels.

You collected 800 gold pieces.
You spent 135 gold pieces at shops.

Inventory:

Hand weapons
 a - a +7,+3 demon blade of flaming (weapon)
 b - a +4,+3 falchion of freezing
 h - the +7,-2 longbow of Trauma {venom, rPois}
   (Okawaru gifted it to you on level 3 of the Lair of Beasts)

   It poisons the ammo it fires.
   It protects you from poison.
 j - a +3,+2 long sword of holy wrath
Armour
 e - the +4 cloak "Schuzaont" (melded) {rElec}
   (You acquired it on level 10 of the Dungeon)

   It insulates you from electricity.
 m - a +4 chain mail of cold resistance
 u - the +10 chain mail of the Eight Boll Weevils (melded) {Str+3 Dex+3}
   (You found it on level 1 of the Spider Nest)

   It affects your strength (+3).
   It affects your dexterity (+3).
 y - a +2 cloak of magic resistance
 G - a +0 orcish shield of reflection (worn)
 T - the +3 hat of Pondering (worn) {ponderous, MR+ MP+10 Int+5}
   (You took it off Gastronok on level 1 of the Lair of Beasts)

   It affects your intelligence (+5).
   It affects your resistance to hostile enchantments.
   It affects your magic capacity (+10).
Magical devices
 i - a wand of disintegration (4)
 k - a wand of disintegration (5)
 x - a wand of digging (24)
 P - a wand of heal wounds (2)
Scrolls
 d - 2 scrolls of immolation
 g - 9 scrolls of teleportation
 l - 11 scrolls of identify
 n - a scroll of fear
 r - a scroll of acquirement
 t - 3 scrolls of magic mapping
 E - a scroll of amnesia
 H - 3 scrolls of blinking
 L - 3 scrolls of enchant armour
 Q - 2 scrolls of remove curse
 R - a scroll of fog
 U - 3 scrolls of recharging
Jewellery
 o - a cursed ring of magical power {unknown}
 s - a +5 ring of evasion (right branch)
 v - a cursed ring of sustenance {unknown}
 z - a +2 ring of protection (left branch)
Potions
 p - 7 potions of curing
 q - a potion of might
 w - 2 potions of heal wounds
Books
 c - a book of Burglary

   Spells                             Type                      Level
   Apportation                        Translocation                1
   Swiftness                          Charms/Air                   2
   Passwall                           Transmutation/Earth          3
   Passage of Golubria                Translocation                4
   Lee's Rapid Deconstruction         Earth                        5
   Darkness                           Hexes                        7
Miscellaneous
 f - a lantern of shadows


   Skills:
 + Level 10.1(15.1) Fighting
 + Level 14.1(19.1) Long Blades
 + Level 10.4(15.4) Armour
 - Level 6.1(11.1) Dodging
 + Level 12.1(17.1) Shields


You had 12 spell levels left.
You didn't know any spells.

Dungeon Overview and Level Annotations

Branches:
Dungeon (14/16) Temple (1/1) D:4 Orc (0/4) D:12 Lair (3/8) D:9 Spider (2/5) Lair:3 Vaults (0/5) D:13 D:14 Swamp: Lair:3-6 Shoals: Lair:3-6 Snake: Lair:3-6

Altars:
Ashenzari
Cheibriados
Elyvilon
Fedhas
Kikubaaqudgha
Makhleb
Nemelex Xobeh
Okawaru
Sif Muna
Trog
Vehumet
Xom
Yredelemnul
Zin
the Shining One

Shops:
D:6 =   D:11 !

Annotations:
Spider:2 Louise, Wiglaf


Innate Abilities, Weirdness & Mutations

You are immune to all types of fire, even holy and hellish.
You are vulnerable to cold.
You need no food.
You have no legs.
You are immune to negative energy.
You can breathe flames.
You are clumsy. (Dex -2)
Your body is slowly deteriorating.
You are frail (-10% HP).
((Your system is resistant to poisons.))*
Your natural rate of healing is unusually fast.


Message History

The spider bites you but does no damage.
You block the spider's attack.
You see a slight glow in a spot of thin air.
It'd take too long for a potion to reach your roots.
Read which item? (? for menu, Esc to quit)
Okay, then.
You slash the spider! You burn the spider.
You kill the spider!
Okawaru accepts your kill. You block the spider's attack.
You closely miss the spider. The spider bites you.
* * * LOW HITPOINT WARNING * * *
The spider bites you but does no damage.
You slice the spider!! You burn the spider.
You kill the spider!
Okawaru accepts your kill.
Your transformation is almost over.
Louise gestures at you while chanting. The bolt of lightning hits you!
You die...

[..........#
..........###
.#...###.^..##
##..##^≈#....#
#..^....##..##### #
........##≈.#≈#####
......# #≈...≈##≈##
.
....####≈≈.s#§.≈≈##
....##....§§♣§.≈≈≈#
.. #......§§§..≈##
.........B...##
.............;#
........@...≈≈#
.....#...##≈≈≈#
...≈#....##≈## .
#..###≈###
#...;.≈#≈#


You could see Louise, a goliath beetle, a giant goldfish and a spider.

Vanquished Creatures
  Nikola (Spider:2)
  Arachne (Spider:1)
  Rupert (D:13)
  Donald (D:13)
  Gastronok (Lair:1)
  A hydra (Lair:1)
  Josephine (D:12)
  2 centaur warriors (D:13)
  Nergalle (Spider:1)
  A skeletal warrior (D:13)
  Pikel (D:9)
  Joseph (D:12)
  2 wolf spiders
  A cyclops (D:12)
  A black mamba (Lair:2)
  3 spiny frogs
  Psyche (D:12)
  4 demonic crawlers
  A spriggan (D:9)
  An orb spider (Spider:1)
  Sonja (D:12)
  2 trolls
  8 blink frogs
  3 jumping spiders
  A slime creature (D:9)
  2 basilisks
  5 tarantellas
  8 redbacks (Spider:1)
  A shark (Spider:1)
  3 wyverns
  A shadow (D:12)
  2 trapdoor spiders (Spider:1)
  3 yaks (D:8)
  2 wraiths
  16 humans
  A hill giant zombie (D:12)
  2 hungry ghosts
  2 formicids (Spider:1)
  Eustachio (D:8)
  2 steam dragons (D:11)
  3 wolves (Lair:3)
  8 vampire mosquitoes
  3 hippogriffs
  A necrophage (D:10)
  Edmund (D:9)
  Menkaure (D:7)
  2 soldier ants (D:13)
  2 manticores
  2 porcupines (Lair:1)
  2 phantoms
  7 sky beasts
  A black bear (D:6)
  4 orc warriors
  3 ice beasts
  9 ogres
  2 centaurs (D:10)
  4 lava worms (D:10)
  3 water moccasins
  6 crocodiles
  A warg (D:12)
  3 giant slugs
  6 giant frogs
  Blork the orc (D:7)
  A komodo dragon zombie (D:12)
  2 cyclops zombies (D:12)
  2 agate snails
  2 gnoll sergeants
  A cyclops skeleton (D:10)
  A wyvern skeleton (D:9)
  2 lava fish (D:10)
  5 killer bees (D:9)
  2 jellyfish (Spider:1)
  19 wights
  2 yak skeletons
  A hippogriff skeleton (D:11)
  A centaur zombie (D:4)
  2 electric eels (Spider:1)
  3 goliath beetles
  A yellow wasp zombie (D:11)
  10 crimson imps
  8 hounds
  A basilisk zombie (D:9)
  A big fish (Spider:1)
  3 quasits
  9 iguanas
  2 jellies
  4 lava snakes (D:10)
  Crazy Yiuf (D:2)
  A giant frog skeleton (D:7)
  8 orc priests
  A water moccasin skeleton (D:6)
  4 gnoll shamans
  12 worker ants
  6 orc wizards
  6 scorpions
  14 spiders
  2 killer bee zombies
  2 mottled dragon zombies
  2 mummies
  40 gnolls
  12 adders
  2 giant centipedes
  6 green rats
  3 giant mites
  An inept feature mimic (D:3)
  A shadow imp (D:8)
  6 worms
  A grey rat (D:8)
  3 giant eyeballs
  7 giant geckos
  3 oozes
  48 orcs
  18 bats
  A bat zombie (D:6)
  3 giant cockroaches (D:4)
  A giant mite zombie (D:6)
  13 goblins
  16 hobgoblins
  39 jackals
  13 kobolds
  6 quokkas
  3 ball pythons
  A giant gecko skeleton (D:4)
  3 giant newts
  2 hobgoblin skeletons (D:6)
  A hobgoblin zombie (D:6)
  17 rats
  2 ballistomycetes (D:6)
584 creatures vanquished.

Vanquished Creatures (collateral kills)
  A giant slug (Lair:3)
  A giant centipede (Lair:3)
2 creatures vanquished.

Vanquished Creatures (others)
  A slave (D:9)
  An ogre (D:9)
  A giant frog (Lair:3)
  2 orc wizards
  An adder (D:9)
  A goblin (D:6)
  3 jackals (D:9)
  A giant spore (D:6)
11 creatures vanquished.

Grand Total: 597 creatures vanquished

Notes
Turn   | Place    | Note
--------------------------------------------------------------
     0 | D:1      | Mitsuki, the Djinni Fighter, began the quest for the Orb.
     0 | D:1      | Reached XP level 1. HP: 16/16 MP: 0/0
   198 | D:1      | Reached XP level 2. EP: 17/23
   728 | D:2      | Reached XP level 3. EP: 21/29
   751 | D:2      | Found a shimmering altar of Xom.
   918 | D:2      | Reached skill level 4 in Armour
   949 | D:2      | Noticed Crazy Yiuf
   966 | D:2      | Killed Crazy Yiuf
   966 | D:2      | Reached skill level 1 in Dodging
   966 | D:2      | Reached XP level 4. EP: 35/35
  1289 | D:2      | Found a sparkling altar of Nemelex Xobeh.
  1420 | D:2      | Upgraded the game from 0.14-a0-1689-g99b8db2 to 0.14-a0-1707-g75daffb
  1717 | D:3      | Reached XP level 5. EP: 41/41
  1852 | D:3      | Found a deep blue altar of Sif Muna.
  1973 | D:4      | Noticed an ogre
  1982 | D:4      | Killed an ogre
  2159 | D:4      | Noticed an ogre
  2173 | D:4      | Killed an ogre
  2173 | D:4      | Reached XP level 6. EP: 23/48
  2479 | D:4      | Found a staircase to the Ecumenical Temple.
  2485 | Temple   | Entered the Ecumenical Temple
  2725 | D:4      | Reached XP level 7. EP: 18/54
  3553 | D:4      | Reached skill level 5 in Armour
  4006 | D:4      | Reached skill level 5 in Shields
  4092 | D:5      | Entered Level 5 of the Dungeon
  4108 | D:5      | Reached skill level 5 in Long Blades
  4110 | D:5      | Upgraded the game from 0.14-a0-1707-g75daffb to 0.14-a0-1719-ga7e7698
  4263 | D:5      | Paralysed by a potion of paralysis for 7 turns
  4299 | D:5      | Reached XP level 8. EP: 49/62
  4776 | D:5      | Paralysed by a giant eyeball for 3 turns
  4987 | D:5      | Reached skill level 6 in Long Blades
  5699 | D:3      | Reached skill level 5 in Dodging
  6172 | D:6      | Reached XP level 9. EP: 27/68
  6669 | D:6      | Reached skill level 7 in Long Blades
  6705 | D:6      | Found Plagof's Jewellery Boutique.
  6783 | D:6      | Found an iron altar of Okawaru.
  6791 | D:6      | Became a worshipper of Warmaster Okawaru
  7135 | D:6      | Found a snail-covered altar of Cheibriados.
  7135 | D:6      | Found a glowing golden altar of the Shining One.
  7808 | D:7      | Noticed Blork the orc
  7818 | D:7      | Killed Blork the orc
  7818 | D:7      | Acquired Okawaru's first power
  7838 | D:7      | Reached skill level 8 in Long Blades
  8249 | D:7      | Noticed Menkaure
  8267 | D:7      | Killed Menkaure
  8541 | D:8      | Reached skill level 5 in Fighting
  8541 | D:8      | Reached XP level 10. EP: 59/76
  8645 | D:8      | Gained mutation: Your spells are a little harder to cast, but a little more powerful. [potion of mutation]
  8645 | D:8      | Lost mutation: Your spells are a little harder to cast, but a little more powerful. [potion of mutation]
  8645 | D:8      | Gained mutation: You are frail (-10% HP). [potion of mutation]
  8657 | D:8      | Noticed Eustachio
  8730 | D:8      | Killed Eustachio
  9090 | D:9      | Noticed Pikel
  9131 | D:9      | Killed Pikel
  9131 | D:9      | Reached skill level 9 in Long Blades
  9247 | D:9      | Found a staircase to the Lair.
  9265 | Lair:1   | Entered Level 1 of the Lair of Beasts
  9312 | D:9      | Noticed Edmund
  9321 | D:9      | Killed Edmund
  9373 | D:9      | Identified the Collected Works on Poisoning and Feathers
  9445 | D:9      | Identified the Papyrus of Mutagenic Clay
  9560 | D:9      | Found a burning altar of Makhleb.
  9613 | D:9      | Found a glowing silver altar of Zin.
 10094 | D:10     | Entered Level 10 of the Dungeon
 10098 | D:10     | Paralysed by a giant eyeball for 4 turns
 10487 | D:10     | Gained mutation: You can breathe flames. [mutagenic meat]
 10488 | D:10     | Gained mutation: Your system is resistant to poisons. [mutagenic meat]
 10881 | D:10     | Reached skill level 10 in Long Blades
 10970 | D:10     | Reached XP level 11. EP: 50/75
 11002 | D:10     | Gained mutation: You are clumsy. (Dex -2) [potion of mutation]
 11002 | D:10     | Gained mutation: Your body is slowly deteriorating. [potion of mutation]
 11002 | D:10     | Gained mutation: Your natural rate of healing is unusually fast. [potion of mutation]
 11777 | D:10     | Identified a scroll of acquirement
 11780 | D:10     | Got a polished cloak
 11784 | D:10     | Identified the +4 cloak "Schuzaont" {rElec} (You acquired it on level 10 of the Dungeon)
 11860 | D:11     | Acquired Okawaru's second power
 11891 | D:11     | Found Vebbesh's Distillery.
 11918 | D:11     | Bought 2 potions of heal wounds for 90 gold pieces
 11918 | D:11     | Bought a potion of heal wounds for 45 gold pieces
 12475 | D:11     | Paralysed by a giant eyeball for 4 turns
 12867 | D:12     | Noticed Sonja
 12924 | D:12     | Found a staircase to the Orcish Mines.
 12926 | D:12     | Killed Sonja
 13266 | D:12     | Noticed Josephine
 13302 | D:12     | Killed Josephine
 13329 | D:12     | Noticed Joseph
 13345 | D:12     | Killed Joseph
 13345 | D:12     | Received a gift from Okawaru
 13464 | D:12     | Noticed Psyche
 13469 | D:12     | Killed Psyche
 13469 | D:12     | Reached skill level 11 in Long Blades
 13778 | D:12     | Reached skill level 10 in Shields
 14289 | D:13     | Noticed a centaur warrior
 14307 | D:13     | Killed a centaur warrior
 14636 | D:13     | Reached XP level 12. EP: 84/84
 14663 | D:13     | Noticed a centaur warrior
 14677 | D:13     | Killed a centaur warrior
 14972 | D:14     | Found a gate to the Vaults.
 14972 | D:14     | Noticed Rupert
 14972 | D:14     | Noticed Donald
 15108 | D:13     | Killed Rupert
 15116 | D:13     | Received a gift from Okawaru
 15170 | D:13     | Reached skill level 12 in Long Blades
 15545 | D:13     | Killed Donald
 15942 | Lair:1   | Got a smoking ring mail
 15958 | Lair:1   | Identified the +1 ring mail "Woohimoe" {rF+ Dex+3} (You found it on level 1 of the Lair of Beasts)
 16466 | Lair:1   | Noticed a four-headed hydra
 16473 | Lair:1   | Killed a hydra
 16619 | Lair:1   | Noticed Gastronok
 16636 | Lair:1   | Killed Gastronok
 17010 | Lair:2   | Reached skill level 13 in Long Blades
 17023 | Lair:2   | Reached XP level 13. EP: 94/94
 17722 | Lair:2   | Upgraded the game from 0.14-a0-1719-ga7e7698 to 0.14-a0-1721-g84c87b2
 17751 | Lair:3   | Received a gift from Okawaru
 17751 | Lair:3   | Reached skill level 10 in Armour
 17757 | Lair:3   | Got a dazzling longbow {god gift}
 17833 | Lair:3   | Identified the +7,-2 longbow of Trauma {venom, rPois} (Okawaru gifted it to you on level 3 of the Lair of Beasts)
 18002 | Lair:3   | Found a hole to the Spider Nest.
 18026 | Spider:1 | Entered Level 1 of the Spider Nest
 18026 | Spider:1 | Noticed Nergalle
 18045 | Spider:1 | Killed Nergalle
 18676 | Spider:1 | Got a brightly glowing chain mail
 18735 | Spider:1 | Identified the cursed +10 chain mail of the Eight Boll Weevils {Str+3 Dex+3} (You found it on level 1 of the Spider Nest)
 18953 | Spider:2 | Noticed Nikola
 18954 | Spider:2 | Noticed Arachne
 18986 | Spider:1 | Killed Arachne
 19111 | Spider:2 | Killed Nikola
 19111 | Spider:2 | Reached skill level 10 in Fighting
 19111 | Spider:2 | Reached skill level 14 in Long Blades
 19122 | Spider:2 | Noticed Wiglaf
 19123 | Spider:2 | Noticed Louise
 19131 | Spider:2 | Killed from afar by Louise

Action                   |  1- 3 |  4- 6 |  7- 9 | 10-12 | 13-15 || total
-------------------------+-------+-------+-------+-------+-------++-------
Melee: Falchion          |   109 |   297 |  1156 |   409 |       ||  1971
       Scimitar          |       |       |       |   440 |       ||   440
       Demon blade       |       |       |       |   517 |   333 ||   850
Invok: Heroism           |       |       |       |    10 |     1 ||    11
       Finesse           |       |       |       |     5 |       ||     5
 Abil: Breathe Fire      |       |       |       |     7 |       ||     7
Evoke: Wand              |       |       |     1 |    25 |       ||    26
  Use: Potion            |     3 |     4 |     8 |     6 |     7 ||    28
       Scroll            |       |       |    15 |    15 |     4 ||    34
 Stab: Invisible         |       |       |     4 |       |       ||     4
       Distracted        |       |       |       |     1 |       ||     1
